 Dungeon Crawl Stone Soup version 0.29.1-15-g9cfb28693d (webtiles) character file.

Game seed: 3908764384866112463

415 GeoRichter the Stinger (level 6, -12/36 HPs)
             Began as an Octopode Venom Mage on Mar 20, 2023.
             Mangled by a yak (13 damage)
             ... on level 3 of the Dungeon.
             The game lasted 00:07:23 (4358 turns).

GeoRichter the Stinger (Octopode Venom Mage)        Turns: 4358, Time: 00:07:23

Health: -12/36     AC:  1    Str: 13    XL:     6   Next: 91%
Magic:  10/10      EV: 13    Int: 19    God:
Gold:   72         SH:  0    Dex: 13    Spells: 5/11 levels left

rFire   . . .      SeeInvis .   (no weapon)
rCold   . . .      Faith    .   (no shield)
rNeg    . . .      Spirit   .   (helmet restricted)
rPois   .          Reflect  .   c - amulet of magic regeneration
rElec   .          Harm     .   f - ring of willpower
rCorr   .          Rampage  .   g - ring of flight
Will    +....                   j - +6 ring of strength
Stlth   +++.......              (no ring)
HPRegen 0.12/turn               (no ring)
MPRegen 0.52/turn               (no ring)
                                (no ring)
                                (no ring)

@: flying, hasted, very quick
A: almost no armour, amphibious, 8 rings, camouflage 1, gelatinous body 1,
(nimble swimmer 1), tentacles
a: no special abilities


You were on level 3 of the Dungeon.
You visited 2 branches of the dungeon, and saw 5 of its levels.

You collected 252 gold pieces.
You spent 180 gold pieces at shops.

Inventory:

Missiles
 a - 2 throwing nets {!f}
Jewellery
 c - an amulet of magic regeneration (around mantle)
   (You found it on level 1 of the Dungeon)
 f - a ring of willpower (left tentacle)
   (You found it on level 2 of the Dungeon)
 g - a ring of flight (right tentacle)
   (You found it on level 2 of the Dungeon)
 j - a +6 ring of strength (on tentacle)
   (You found it on level 3 of the Dungeon)
Wands
 i - a wand of digging (2)
   (You took it off Jessica on level 3 of the Dungeon)
Scrolls
 b - a scroll of butterflies {unknown}
 h - a scroll of poison {unknown}
 k - 4 scrolls of identify {unknown}
 n - a scroll of noise {unknown}
 o - a scroll of magic mapping {unknown}
Potions
 d - a potion of mutation {unknown}
 e - 2 potions of degeneration {unknown}
 l - a potion of berserk rage {unknown}


   Skills:
 - Level 2.0 Dodging
 - Level 2.6 Stealth
 + Level 3.0 Spellcasting
 - Level 1.0 Transmutations
 + Level 3.0 Air Magic
 * Level 7.5 Poison Magic


You had 5 spell levels left.
You knew the following spells:

 Your Spells              Type           Power      Damage    Failure   Level
a - Sting                 Tmut/Pois      76%        1d6       2%          1
b - Poisonous Vapours     Pois/Air       44%        N/A       2%          2
c - Mephitic Cloud        Conj/Pois/Air  16%        N/A       11%         3

Your spell library contained the following spells:

 Spells                   Type           Power      Damage    Failure   Level
 Olgreb's Toxic Radiance  Pois           31%        N/A       7%          4


Dungeon Overview and Level Annotations

Branches:
Dungeon (4/15) Zot: 19722  Temple (1/1) D:4 Zot: 5919

Altars:
Ashenzari
Cheibriados
Dithmenos
Makhleb
Nemelex Xobeh
Okawaru
Ru
Sif Muna
Trog
Uskayaw
Wu Jian
Xom
The Shining One

Shops:
D:3 !


Innate Abilities, Weirdness & Mutations

You cannot wear most types of armour.
You are amphibious.
You can wear up to eight rings at the same time.
Your skin changes colour to match your surroundings (Stealth+).
Your rubbery body absorbs attacks. (AC +1, EV +1)
((You are camouflaged when in or above water. (Stealth+)))
You have tentacles for arms and can constrict up to eight enemies at once.


Message History

The yak bellows! x2; You hear a bellow!
Aim: a yak (very poisoned) Poisonous vapours surround the yak!
The yak looks even sicker.
You see here 6 curare-tipped darts {!f}.
The yak bellows!
You hear a bellow!
There is a stone staircase leading up here.
Okay, then.
Aim: a yak (heavily wounded, poisoned) Poisonous vapours surround the yak!
The yak looks even sicker.
Aim: a yak (heavily wounded, very poisoned) Poisonous vapours surround the yak!
The yak looks as sick as possible!
Aim: a yak (heavily wounded, very poisoned, 84% to hit)
The sting hits the yak.
The yak looks even sicker.
The yak attacks as you move away! The yak misses you.
There is an escape hatch in the floor here.
The yak attacks as you move away! The yak gores you.
The yak attacks as you move away! The yak gores you!
The yak attacks as you move away! The yak gores you.
The yak attacks as you move away! The yak gores you.
* * * LOW HITPOINT WARNING * * *
You kill the yak!
Your Spellcasting skill increases to level 3!
Your Air Magic skill increases to level 3!
There is a stone staircase leading up here.
You fly upwards.
There is a stone staircase leading down here.
You start resting.
You see here 6 stones.
There is a stone staircase leading down here.
You fly downwards.
There is a stone staircase leading up here.
A yak is nearby!
Aim: a yak Poisonous vapours surround the yak!
The yak is poisoned.
Aim: a yak (lightly wounded, poisoned) Poisonous vapours surround the yak!
The yak looks even sicker.
A yak comes into view.
The yak attacks as you move away! The yak gores you.
The yak attacks as you move away! The yak gores you!
* * * LOW HITPOINT WARNING * * *
The yak attacks as you move away! The yak misses you.
The yak attacks as you move away! The yak gores you!
* * * LOW HITPOINT WARNING * * *
There is a stone staircase leading up here.
The yak gores you!
* * * LOW HITPOINT WARNING * * *
You fly upwards.
There is a stone staircase leading down here.
You feel yourself speed up.
The yak looks more healthy.
The yak gores you!
You die...

#.# #.# #.# #.........# #.#
##.###.# #.# #..#...#..# #..
#......# #.# #.#..#..#.# ##[#
#..##### #.# #.##.#.##.###.##
#..# #.###.............## #..#
#.##..#######.###... #..#
######.##.....#........#.
#..####.)...[Y#..#..#.#.(###...
#.....(.###...@.....#...<# ##.# #
##.####..#.......#....##.# #.# #
#.(.............#.#..##.# #.#
#########..#............##.####.#
..........###...................#
#########.......#################
#########


You could see a yak.

Vanquished Creatures
  A yak (D:4)
  A scorpion (D:3)
  2 orc priests (D:3)
  Jessica (D:3)
  2 adders
  A worm (D:2)
  2 dart slugs
  10 orcs (D:3)
  6 bats
  8 endoplasms
  11 goblins
  10 hobgoblins
  3 jackals (D:1)
  5 quokkas
  8 ball pythons
  6 frilled lizards
  5 kobolds
  6 rats
88 creatures vanquished.

Vanquished Creatures (others)
  4 plants
4 creatures vanquished.

Grand Total: 92 creatures vanquished

Notes
Turn   | Place    | Note
-------+----------+-------------------------------------------
     0 | D:1      | GeoRichter the Octopode Venom Mage began the quest for the
                  | Orb.
     0 | D:1      | Reached XP level 1. HP: 11/11 MP: 3/3
   232 | D:1      | Reached skill level 4 in Poison Magic
   232 | D:1      | Reached XP level 2. HP: 10/17 MP: 0/5
   375 | D:1      | Learned a level 2 spell: Poisonous Vapours
   941 | D:1      | Reached XP level 3. HP: 21/21 MP: 4/6
  1385 | D:1      | Found a faded altar of an unknown god.
  1699 | D:2      | Reached skill level 5 in Poison Magic
  1830 | D:2      | Learned a level 3 spell: Mephitic Cloud
  2381 | D:3      | Found Hichafel's Distillery.
  2389 | D:3      | Bought a potion of heal wounds for 60 gold pieces
  2404 | D:3      | Reached XP level 4. HP: 27/27 MP: 5/7
  2467 | D:3      | Found a hide-covered altar of Uskayaw.
  2467 | D:3      | Noticed Jessica
  2484 | D:3      | Killed Jessica
  2485 | D:3      | Reached skill level 1 in Air Magic
  2747 | D:3      | Bought a potion of haste for 120 gold pieces
  2825 | D:3      | HP: 1/27 [orc priest/divine providence (11)]
  2827 | D:3      | Reached skill level 6 in Poison Magic
  2827 | D:3      | Reached XP level 5. HP: 1/31 MP: 5/8
  3189 | D:3      | Reached XP level 6. HP: 25/36 MP: 4/9
  3533 | D:4      | Found a staircase to the Ecumenical Temple.
  3597 | Temple   | Entered the Ecumenical Temple
  3680 | D:4      | Found a burning altar of Makhleb.
  3774 | D:4      | Reached skill level 7 in Poison Magic
  3929 | D:4      | Found a bloodstained altar of Trog.
  4124 | D:4      | Found a glowing golden altar of the Shining One.
  4126 | D:4      | Noticed a yak
  4126 | D:4      | Noticed a yak
  4127 | D:4      | Noticed a yak
  4177 | D:4      | Killed a yak
  4348 | D:4      | Noticed a yak
  4356 | D:4      | HP: 1/36 [yak (11)]
  4358 | D:3      | Mangled by a yak

Illustrated notes

Levels and vault maps discovered:
D:1:      dpeg_arrival_pits, layout_loops_cross,
          shapermc_ecumenical_altar_hornbeckon
D:2:      layout_basic
D:3:      layout_loops_ring, nicolae_uskayaw_suspiria, serial_shops, shop,
          chequers_serial_rivers_micro_d, serial_bayou_pond_a, uniq_jessica
D:4:      layout_rooms, trog_hazing_becter, mainiacjoe_overflow_tiny_flanked,
          old_standard_altar, mainiacjoe_overflow_boulevard,
          minmay_temple_entry_crystal_x, serial_co_window_serial,
          co_window_paths_a, co_window_paths_a, co_window_paths_a,
          co_window_of_opportunity_a, co_window_of_opportunity_a,
          co_window_cross_3, co_window_cross_4, co_window_corner_b,
          co_window_4corner_a, co_window_paths_e, glass_columns_a,
          glass_columns_b, glass_columns_a, glass_columns_a
Temple:   dpeg_three_leaves_temple

Skill      XL: |  1  2  3  4  5  6 |
---------------+-------------------+-----
Poison Magic   | 4 5 6 7 |  7.5
Air Magic      | 1 2 3 |  3.0
Spellcasting   | 3 |  3.0
Dodging        | |  2.0
Stealth        | |  2.6
Transmutations | |  1.0

Action                   |  1- 3 |  4- 6 || total
-------------------------+-------+-------++-------
Melee: Unarmed           |    37 |    12 ||    49
       Constrict         |    10 |     4 ||    14
       Tentacles         |    10 |     3 ||    13
       Punch             |       |     1 ||     1
 Cast: Sting             |    68 |    80 ||   148
       Poisonous Vapours |    14 |    31 ||    45
  Use: Potion            |     1 |     2 ||     3
Armor: Skin              |     4 |     2 ||     6
Dodge: Dodged            |    29 |    30 ||    59
